cohdb
Replays
Latest Replays
All Replays
Popular Replays
Top Player Replays
Match Explorer
How It Works
Community
CoH3 Stats
Reddit
Sign in to upload your games and track your stats! →
Sign in with Steam
Match 41457292
Unlisted
Match 41457292
Overview
Messages
Build Orders
End
Royal Engineer Section
Selects Heavy Armor Battlegroup
Royal Engineer Section
Construct Section Command Post
Construct Platoon Command Post
Selects Light Vehicle Withdraw and Refit
Unlock M3 Stuart Light Tanks
M3 Stuart Light Tank
M3 Stuart Light Tank
M3 Stuart Light Tank
Selects Radio Net
M3 Stuart Light Tank
Light Vehicle Withdraw and Refit
Royal Engineer Section
Royal Engineer Section
Construct Company Command Post
Selects Designate Targets
Crusader II Medium Tank
Crusader II Medium Tank
Royal Engineer Section
Designate Targets
Crusader II Medium Tank
Crusader II Medium Tank
Designate Targets
Crusader II Medium Tank
Designate Targets
Radio Net
Crusader II Medium Tank
Crusader II Medium Tank
Selects Rigorous Vehicle Training
Selects Forward Repair Assembly
Selects UNKNOWN (2162094)
Designate Targets
Radio Net
Crusader II Medium Tank
Royal Engineer Section
Royal Engineer Section
Designate Targets
Crusader II Medium Tank
Designate Targets
Radio Net
ZOMBIEGIRL
BONES
KevinTDW
mongman
0
0
Comments
sign in to comment!
No comments posted yet!